General information
- name: BNet
- type: Ladder team game (AT/RT)
- host: Battle.net
- saver: Ze.Rath3isaFaig
map: Friends
- players: 8
- length: 47:51
- speed: Fast
- version: 1.24 W3XP
- replay type: Public
» download(327 KB)
Players
team 1 (winner)
Ze.Rath3isaFaig (
orange | 79 APM | 3778 actions | 47:51)
7 Firelord
3 Summon Lava Spawn
3 Incinerate
1 Volcano
8 Priestess of the Moon
3 Trueshot Aura
2 Searing Arrows
3 Starfall
» actions
| Assign group hotkey | 73 | |
| Basic commands | 949 | |
| Build / train | 145 | |
| Enter build submenu | 16 | |
| Enter hero's abilities submenu | 14 | |
| Remove unit from queue | 1 | |
| Right click | 1066 | |
| Select / deselect | 743 | |
| Select group hotkey | 694 | |
| Use ability | 77 | |
3778 total
» units
| Wisp | 15 | |
| Archer | 26 | |
| Dryad | 30 | |
| Druid of the Talon | 6 | |
| Chimaera | 11 | |
88 total
» upgrades
| Improved Bows | 1 | |
| Abolish Magic | 1 | |
| Marksmanship | 1 | |
| Strength of the Moon | 3 | |
| Moon Armor | 1 | |
| Strength of the Wild | 3 | |
10 total
» buildings
| Altar of Elders | 1 | |
| Moon Well | 7 | |
| Ancient of War | 2 | |
| Tree of Ages | 2 | |
| Hunter's Hall | 1 | |
| Tree of Eternity | 1 | |
| Ancient of Lore | 1 | |
| Ancient of Wind | 1 | |
| Chimaera Roost | 1 | |
| Ancient of Wonders | 1 | |
18 total
» build order
00:17 Altar of Elders
00:23 Moon Well
01:14 Ancient of War
02:17 Ancient of War
03:34 Moon Well
03:39 Moon Well
03:46 Moon Well
04:13 Tree of Ages
04:13 Tree of Ages
06:10 Hunter's Hall
07:41 Tree of Eternity
07:43 Ancient of Lore
07:45 Ancient of Wind
12:01 Chimaera Roost
12:24 Ancient of Wonders
12:37 Moon Well
13:53 Moon Well
17:02 Moon Well
» items
| Scroll of Town Portal | 5 | |
| Orb of Venom | 1 | |
| Potion of Healing | 4 | |
| Anti-magic Potion | 3 | |
| Scroll of Speed | 1 | |
14 total

»
YouRz (
green | 80 APM | 3849 actions | 47:51)
5 Far Seer
3 Feral Spirit
2 Chain Lighting
6 Shadow Hunter
3 Healing Wave
2 Hex
1 Big Bad Voodoo
» actions
| Assign group hotkey | 209 | |
| Basic commands | 27 | |
| Build / train | 131 | |
| ESC pressed | 4 | |
| Enter build submenu | 38 | |
| Enter hero's abilities submenu | 11 | |
| Right click | 1502 | |
| Select / deselect | 623 | |
| Select group hotkey | 1063 | |
| Use ability | 241 | |
3849 total
» units
| Peon | 17 | |
| Grunt | 4 | |
| Shaman | 9 | |
| Troll Batrider | 31 | |
| Goblin Sapper | 5 | |
| Spirit Walker | 1 | |
| Demolisher | 5 | |
| Tauren | 7 | |
| Troll Witch Doctor | 8 | |
87 total
» upgrades
| Shaman Training | 2 | |
| Reinforced Defenses | 1 | |
| Burning Oil | 1 | |
| Ranged Weapons | 1 | |
| Liquid Fire | 1 | |
| Witch Doctor Training | 2 | |
| Spiked Barricades | 1 | |
| Pulverize | 1 | |
10 total
» buildings
| Altar of Storms | 1 | |
| Orc Burrow | 11 | |
| Barracks | 1 | |
| Stronghold | 4 | |
| War Mill | 1 | |
| Voodoo Lounge | 3 | |
| Fortress | 1 | |
| Spirit Lodge | 2 | |
| Beastiary | 2 | |
| Watch Tower | 12 | |
| Tauren Totem | 1 | |
| Great Hall | 1 | |
40 total
» build order
00:10 Altar of Storms
00:20 Orc Burrow
00:38 Barracks
01:39 Orc Burrow
02:49 Stronghold
02:49 Stronghold
02:49 Stronghold
03:29 Orc Burrow
04:17 War Mill
04:32 Voodoo Lounge
04:41 Voodoo Lounge
06:13 Fortress
06:47 Spirit Lodge
07:00 Orc Burrow
09:18 Orc Burrow
10:07 Orc Burrow
10:15 Spirit Lodge
11:41 Orc Burrow
12:25 Beastiary
12:34 Watch Tower
12:34 Watch Tower
12:40 Voodoo Lounge
13:31 Orc Burrow
16:36 Orc Burrow
19:34 Watch Tower
19:35 Watch Tower
19:37 Watch Tower
19:39 Watch Tower
20:07 Watch Tower
20:08 Watch Tower
20:11 Watch Tower
20:15 Watch Tower
20:40 Watch Tower
20:51 Watch Tower
23:00 Tauren Totem
23:33 Orc Burrow
24:50 Great Hall
30:14 Beastiary
33:00 Orc Burrow
» items
| Scroll of Speed | 2 | |
| Healing Salve | 1 | |
| Potion of Mana | 1 | |
| Scroll of Town Portal | 4 | |
| Potion of Healing | 1 | |
| Lesser Clarity Potion | 2 | |
11 total

»
coppertone (
red | 41 APM | 1981 actions | 47:51)
6 Priestess of the Moon
3 Trueshot Aura
2 Searing Arrows
1 Starfall
5 Keeper of the Grove
2 Entangling Roots
3 Thorns Aura
» actions
| Build / train | 103 | |
| ESC pressed | 6 | |
| Enter build submenu | 23 | |
| Enter hero's abilities submenu | 11 | |
| Give item / drop item | 1 | |
| Remove unit from queue | 7 | |
| Right click | 1174 | |
| Select / deselect | 584 | |
| Use ability | 72 | |
1981 total
» units
| Wisp | 28 | |
| Archer | 14 | |
| Huntress | 2 | |
| Hippogryph | 17 | |
| Chimaera | 15 | |
76 total
» upgrades
| Reinforced Hides | 1 | |
| Hippogryph Taming | 1 | |
| Marksmanship | 0 | |
| Corrosive Breath | 1 | |
| Strength of the Wild | 1 | |
4 total
» buildings
| Altar of Elders | 1 | |
| Moon Well | 6 | |
| Ancient of War | 1 | |
| Hunter's Hall | 1 | |
| Tree of Ages | 0 | |
| Ancient of Wind | 1 | |
| Tree of Eternity | 1 | |
| Chimaera Roost | 1 | |
| Tree of Life | 3 | |
15 total
» build order
00:05 Altar of Elders
00:12 Moon Well
00:57 Ancient of War
01:31 Moon Well
03:21 Hunter's Hall
03:37 Tree of Ages
03:37 Tree of Ages
04:31 Moon Well
04:42 Moon Well
05:15 Moon Well
06:17 Ancient of Wind
10:36 Tree of Eternity
10:54 Moon Well
13:00 Chimaera Roost
23:56 Tree of Life
31:03 Tree of Ages
35:20 Tree of Life
41:19 Tree of Ages
44:51 Tree of Life
» items
dirty4life23 (
teal | 15 APM | 719 actions | 47:51)
4 Mountain King
2 Storm Bolt
2 Bash
» actions
| Assign group hotkey | 9 | |
| Basic commands | 11 | |
| Build / train | 76 | |
| Enter build submenu | 36 | |
| Enter hero's abilities submenu | 4 | |
| Remove unit from queue | 3 | |
| Right click | 202 | |
| Select / deselect | 297 | |
| Select group hotkey | 17 | |
| Use ability | 64 | |
719 total
» units
| Peasant | 23 | |
| Priest | 7 | |
| Knight | 11 | |
| Rifleman | 2 | |
43 total
» upgrades
| Masonry | 3 | |
| Swords | 3 | |
| Animal War Training | 1 | |
| Plating | 3 | |
| Priest Training | 2 | |
| Gunpowder | 1 | |
13 total
» buildings
| Lumber Mill | 2 | |
| Farm | 10 | |
| Scout Tower | 12 | |
| Altar of Kings | 3 | |
| Guard Tower | 10 | |
| Barracks | 4 | |
| Blacksmith | 1 | |
| Keep | 1 | |
| Castle | 1 | |
| Arcane Sanctum | 1 | |
| Town Hall | 1 | |
46 total
» build order
00:23 Lumber Mill
00:43 Lumber Mill
00:53 Farm
01:12 Scout Tower
01:27 Altar of Kings
01:36 Farm
01:44 Scout Tower
01:50 Guard Tower
02:46 Farm
03:03 Barracks
03:06 Blacksmith
03:23 Keep
03:27 Scout Tower
04:01 Guard Tower
04:05 Scout Tower
04:27 Farm
04:39 Guard Tower
04:42 Scout Tower
04:58 Scout Tower
05:20 Guard Tower
05:35 Guard Tower
05:49 Farm
05:50 Castle
06:10 Barracks
06:14 Arcane Sanctum
06:29 Farm
07:35 Farm
07:54 Scout Tower
07:57 Scout Tower
08:30 Guard Tower
08:34 Scout Tower
08:42 Scout Tower
09:14 Guard Tower
09:18 Scout Tower
09:20 Guard Tower
09:23 Scout Tower
10:02 Guard Tower
10:10 Guard Tower
10:56 Farm
12:39 Farm
13:48 Farm
22:49 Town Hall
26:09 Altar of Kings
30:21 Keep
30:44 Barracks
30:50 Barracks
32:37 Altar of Kings
team 2 (loser)
STARSOFGLORY (
pink | 91 APM | 4350 actions | 47:48)
6 Warden
3 Fan of Knives
2 Blink
1 Spirit of Vengeance
4 Tauren Chieftain
3 War Stomp
1 Endurance Aura
» actions
| Assign group hotkey | 43 | |
| Basic commands | 1 | |
| Build / train | 125 | |
| Enter build submenu | 19 | |
| Enter hero's abilities submenu | 10 | |
| Give item / drop item | 5 | |
| Remove unit from queue | 3 | |
| Right click | 2952 | |
| Select / deselect | 320 | |
| Select group hotkey | 647 | |
| Use ability | 225 | |
4350 total
» units
| Wisp | 9 | |
| Archer | 17 | |
| Grunt | 7 | |
| Peon | -2 | |
| Druid of the Talon | 11 | |
| Troll Witch Doctor | 4 | |
| Tauren | 5 | |
| Hippogryph | 2 | |
| Shaman | 3 | |
56 total
» upgrades
| Strength of the Wild | 1 | |
| Reinforced Hides | 1 | |
| Improved Bows | 1 | |
| Armor | 3 | |
| Melee Weapons | 1 | |
| Witch Doctor Training | 2 | |
| Druid of the Talon Training | 1 | |
| Shaman Training | 2 | |
| Hippogryph Taming | 1 | |
| Strength of the Moon | 1 | |
| Moon Armor | 1 | |
| Marksmanship | 1 | |
16 total
» buildings
| Altar of Elders | 1 | |
| Moon Well | 7 | |
| Ancient of War | 1 | |
| Orc Burrow | 4 | |
| Tree of Ages | 1 | |
| Stronghold | 3 | |
| Hunter's Hall | 1 | |
| Voodoo Lounge | 1 | |
| War Mill | 1 | |
| Ancient of Wind | 1 | |
| Fortress | 2 | |
| Tauren Totem | 1 | |
| Tree of Eternity | 4 | |
| Chimaera Roost | 1 | |
29 total
» build order
00:08 Altar of Elders
00:21 Moon Well
00:59 Ancient of War
01:31 Moon Well
02:38 Orc Burrow
03:33 Tree of Ages
03:37 Moon Well
04:11 Stronghold
04:12 Stronghold
04:12 Stronghold
04:18 Orc Burrow
04:30 Hunter's Hall
04:52 Moon Well
05:04 Voodoo Lounge
05:31 War Mill
05:51 Moon Well
06:00 Ancient of Wind
08:04 Moon Well
08:10 Fortress
08:10 Fortress
08:13 Orc Burrow
10:40 Moon Well
10:51 Tauren Totem
12:07 Orc Burrow
12:44 Tree of Eternity
12:44 Tree of Eternity
12:44 Tree of Eternity
16:38 Chimaera Roost
» items
| Healing Salve | 2 | |
| Orb of Lightning | 1 | |
| Potion of Mana | 2 | |
| Potion of Healing | 6 | |
| Scroll of Town Portal | 3 | |
14 total
ENEMY. (
blue | 45 APM | 2135 actions | 47:43)
7 Far Seer
3 Chain Lighting
3 Feral Spirit
1 Earth Quake
1 Tauren Chieftain
1 Endurance Aura
» actions
| Build / train | 76 | |
| Enter build submenu | 34 | |
| Enter hero's abilities submenu | 8 | |
| Right click | 1309 | |
| Select / deselect | 572 | |
| Use ability | 136 | |
2135 total
» units
| Peon | 24 | |
| Wind Rider | 7 | |
| Tauren | 4 | |
| Kodo Beast | 1 | |
| Troll Batrider | 12 | |
| Shaman | 5 | |
53 total
» upgrades
| Ranged Weapons | 2 | |
| Pulverize | 1 | |
| Shaman Training | 2 | |
| Liquid Fire | 1 | |
| War Drums Damage Increase | 1 | |
7 total
» buildings
| Orc Burrow | 17 | |
| Altar of Storms | 2 | |
| War Mill | 2 | |
| Stronghold | 1 | |
| Voodoo Lounge | 1 | |
| Beastiary | 3 | |
| Spirit Lodge | 2 | |
| Fortress | 1 | |
| Tauren Totem | 2 | |
| Great Hall | 1 | |
32 total
» build order
00:07 Orc Burrow
00:09 Altar of Storms
01:27 War Mill
02:20 Stronghold
02:36 Orc Burrow
02:44 Orc Burrow
03:43 Orc Burrow
04:04 Orc Burrow
04:09 Voodoo Lounge
04:42 Beastiary
04:44 Beastiary
04:47 Beastiary
07:17 Orc Burrow
07:28 Spirit Lodge
09:44 Orc Burrow
09:47 Orc Burrow
09:50 Orc Burrow
09:56 Orc Burrow
09:59 Fortress
11:54 Tauren Totem
13:03 Altar of Storms
13:13 Orc Burrow
14:17 Orc Burrow
14:55 Orc Burrow
16:09 Orc Burrow
17:48 Spirit Lodge
18:35 Orc Burrow
27:05 Tauren Totem
27:15 War Mill
28:27 Orc Burrow
28:36 Orc Burrow
36:44 Great Hall
» items
| Lesser Clarity Potion | 2 | |
| Orb of Lightning | 1 | |
| Scroll of Town Portal | 1 | |
| Healing Salve | 1 | |
5 total
dr.niglet (
purple | 90 APM | 4302 actions | 47:50)
9 Death Knight
3 Death Coil
3 Unholy Aura
1 Animate Dead
2 Death Pact
3 Tauren Chieftain
1 Endurance Aura
1 Reincarnation
1 Shockwave
» actions
| Assign group hotkey | 45 | |
| Basic commands | 363 | |
| Build / train | 95 | |
| Enter build submenu | 22 | |
| Enter hero's abilities submenu | 14 | |
| Remove unit from queue | 7 | |
| Right click | 1480 | |
| Select / deselect | 606 | |
| Select group hotkey | 1546 | |
| Use ability | 124 | |
4302 total
» units
| Acolyte | 8 | |
| Ghoul | 4 | |
| Crypt Fiend | 11 | |
| Obsidian Statue | 10 | |
| Frost Wyrm | 8 | |
| Goblin Zeppelin | 1 | |
42 total
» upgrades
| Creature Attack | 3 | |
| Creature Carapace | 3 | |
| Web | 1 | |
| Destroyer Form | 1 | |
| Burrow | 1 | |
| Freezing Breath | 1 | |
10 total
» buildings
| Crypt | 1 | |
| Graveyard | 1 | |
| Altar of Darkness | 1 | |
| Ziggurat | 9 | |
| Tomb of Relics | 1 | |
| Nerubian Tower | 1 | |
| Halls of the Dead | 1 | |
| Black Citadel | 1 | |
| Sacrificial Pit | 1 | |
| Slaughterhouse | 1 | |
| Boneyard | 2 | |
| Spirit Tower | 4 | |
| Necropolis | 1 | |
25 total
» build order
00:10 Crypt
00:19 Graveyard
00:43 Altar of Darkness
00:56 Ziggurat
01:25 Tomb of Relics
01:57 Nerubian Tower
02:09 Ziggurat
03:39 Halls of the Dead
04:01 Ziggurat
06:13 Black Citadel
07:06 Sacrificial Pit
07:10 Slaughterhouse
07:16 Ziggurat
09:14 Boneyard
11:41 Ziggurat
12:33 Ziggurat
13:58 Ziggurat
19:40 Spirit Tower
19:41 Spirit Tower
21:17 Spirit Tower
23:35 Boneyard
23:39 Ziggurat
27:36 Ziggurat
29:02 Spirit Tower
43:33 Necropolis
» items
| Rod of Necromancy | 1 | |
| Potion of Healing | 7 | |
| Orb of Corruption | 1 | |
| Scroll of Town Portal | 5 | |
| Scroll of Healing | 1 | |
15 total
KoolPix( (
yellow | 17 APM | 26 actions | 01:33)
» actions
| Build / train | 4 | |
| Enter build submenu | 4 | |
| Right click | 7 | |
| Select / deselect | 8 | |
| Use ability | 3 | |
26 total
» units
» buildings
| Altar of Storms | 1 | |
| Orc Burrow | 1 | |
| Barracks | 1 | |
3 total
» build order
00:12 Altar of Storms
00:14 Orc Burrow
01:26 Barracks
Chat log
(00:02 / All) coppertone: yo purple
(00:08 / All) coppertone: dude was such a dick
(00:15 / All) dr.niglet: yes he was
(00:24 / All) dr.niglet: hence his name
(00:29 / All) coppertone: yep
(00:35 / All) Ze.Rath3isaFaig: what was his name?
(00:36 / All) coppertone: dunno how he got to level 20
(00:46 / All) ENEMY.: u ever got in those games where u cant get in cuz player didint show up n u get a lost?
(00:53 / All) Ze.Rath3isaFaig: yup
(00:57 / All) ENEMY.: >.<
(00:57 / Allies) YouRz: hi unitz ?
(01:01 / All) Ze.Rath3isaFaig: it's pretty gay
(01:07 / All) dr.niglet: nohelpteamkill was his name
(01:08 / Allies) YouRz: teal tr?
(01:21 / Allies) YouRz: kk
(01:32 / Allies) dirty4life23: thank u orange
(01:46 / Allies) Ze.Rath3isaFaig: send a wisp
(01:51 / Allies) Ze.Rath3isaFaig: going to go firelord to help teal out
(01:57 / Allies) YouRz: nice
(02:09 / Allies) Ze.Rath3isaFaig: share please red
(02:12 / Allies) Ze.Rath3isaFaig: we goota go now for this to wokr
(02:40 / Allies) Ze.Rath3isaFaig: wow what a waste
(03:18 / Allies) dirty4life23: sorry i stunk
(04:01 / Allies) Ze.Rath3isaFaig: oh well just mass up
(04:04 / Allies) Ze.Rath3isaFaig: cc a bit then we go
(04:25 / Allies) YouRz: shop pls teal
(04:58 / Allies) Ze.Rath3isaFaig: wait up
(05:54 / Allies) Ze.Rath3isaFaig: lets counter
(06:24 / Allies) YouRz: wood pls
(06:31 / Allies) Ze.Rath3isaFaig: green come, let us know if you need help red
(06:48 / Allies) dirty4life23: back red to my towers
(06:48 / Allies) Ze.Rath3isaFaig: lol wow
(07:17 / Allies) Ze.Rath3isaFaig: use your wells red
(07:18 / Allies) dirty4life23: help him
(07:35 / Allies) YouRz: air
(07:37 / Allies) Ze.Rath3isaFaig: go burrow then beasteries
(08:02 / Allies) YouRz: burrows
(08:10 / Allies) Ze.Rath3isaFaig: k rdy to tp?
(08:15 / Allies) YouRz: y
(08:24 / Allies) YouRz: go
(09:02 / Allies) dirty4life23: you need me green
(09:06 / Allies) Ze.Rath3isaFaig: we're fiuebn
(09:25 / Allies) Ze.Rath3isaFaig: cc that then w go
(09:51 / Allies) dirty4life23: target hero
(09:54 / Allies) YouRz: wood me pls
(10:03 / Allies) YouRz: thx guys
(10:23 / Allies) Ze.Rath3isaFaig: go bolt him
(10:25 / Allies) Ze.Rath3isaFaig: kill it
(11:07 / Allies) Ze.Rath3isaFaig: FIGHT
(11:08 / Allies) YouRz: v
(11:08 / Allies) YouRz: b
(11:31 / Allies) Ze.Rath3isaFaig: atlar
(12:10 / Allies) Ze.Rath3isaFaig: ou tnow
(12:17 / Allies) YouRz: gj
(12:20 / Allies) dirty4life23: red i need helop
(12:43 / Allies) Ze.Rath3isaFaig: get lust and it's over
(12:45 / Allies) Ze.Rath3isaFaig: we ned to go back ina second
(12:46 / Allies) YouRz: y
(12:49 / Allies) YouRz: and some bats
(12:57 / Allies) YouRz: blue cant rebuild
(12:59 / Allies) YouRz: no burrows
(13:03 / Allies) Ze.Rath3isaFaig: lets go
(13:06 / Allies) dirty4life23: lets go
(13:10 / Allies) Ze.Rath3isaFaig: buying a tp
(13:11 / Allies) Ze.Rath3isaFaig: sec
(13:11 / Allies) YouRz: can i use well ?
(13:15 / Allies) Ze.Rath3isaFaig: yeah go
(14:07 / Allies) YouRz: take bombers
(14:07 / Allies) Ze.Rath3isaFaig: get out
(14:14 / Allies) Ze.Rath3isaFaig: tp out
(14:19 / Allies) dirty4life23: red what are you doing
(14:26 / Allies) Ze.Rath3isaFaig: jsut get to your base we'll help oyu
(14:34 / Allies) Ze.Rath3isaFaig: green tp now
(14:55 / Allies) Ze.Rath3isaFaig: green now
(15:05 / Allies) Ze.Rath3isaFaig: GRENE TP
(15:08 / Allies) Ze.Rath3isaFaig: omfg
(15:52 / Allies) Ze.Rath3isaFaig: b
(16:39 / Allies) Ze.Rath3isaFaig: red
(16:43 / All) dr.niglet: cant believe i sacrificed my lvl 6 hero
(16:44 / Allies) Ze.Rath3isaFaig: share control if you can't control your own shit
(16:46 / All) dr.niglet: how retarded
(16:53 / Allies) Ze.Rath3isaFaig: mass up and we go back to yellow
(16:57 / Allies) Ze.Rath3isaFaig: all meet
(17:27 / Allies) Ze.Rath3isaFaig: meet
(17:29 / Allies) YouRz: need melee
(17:36 / Allies) Ze.Rath3isaFaig: teal has melee
(17:44 / Allies) Ze.Rath3isaFaig: they have no dispell
(17:44 / Allies) Ze.Rath3isaFaig: we win
(17:46 / Allies) YouRz: ah k
(17:51 / All) Ze.Rath3isaFaig: cc
(17:52 / Allies) YouRz: 5 shamans ready
(17:53 / Allies) Ze.Rath3isaFaig: cc this
(17:56 / All) STARSOFGLORY: lust
(18:05 / Allies) YouRz: stick together
(18:08 / Allies) YouRz: focus high heros
(18:09 / Allies) YouRz: ill hex them
(18:17 / Allies) YouRz: w8 for me
(18:28 / Allies) Ze.Rath3isaFaig: lets go
(18:29 / Allies) YouRz: k o
(18:29 / Allies) YouRz: go
(18:38 / Allies) YouRz: burrows
(18:52 / Allies) Ze.Rath3isaFaig: don't go
(18:56 / Allies) Ze.Rath3isaFaig: i have no tp
(18:57 / Allies) Ze.Rath3isaFaig: jsut fight here
(18:59 / Allies) YouRz: same
(19:14 / Allies) Ze.Rath3isaFaig: we save these
(19:17 / Allies) YouRz: kil that base
(19:19 / Allies) YouRz: and meet in our
(19:35 / Allies) Ze.Rath3isaFaig: units
(19:41 / Allies) YouRz: gold + wood me
(19:43 / Allies) YouRz: ill mass tower
(19:51 / Allies) Ze.Rath3isaFaig: we don't need
(19:53 / Allies) Ze.Rath3isaFaig: just mass bats
(20:01 / Allies) YouRz: ty
(20:02 / Allies) dirty4life23: thats all i have
(20:24 / Allies) Ze.Rath3isaFaig: walk here
(20:26 / Allies) Ze.Rath3isaFaig: we fight them on the run
(20:28 / Allies) YouRz: no
(20:30 / Allies) Ze.Rath3isaFaig: meet
(20:31 / Allies) Ze.Rath3isaFaig: trust me
(20:33 / Allies) YouRz: lets meet at base
(20:34 / Allies) Ze.Rath3isaFaig: when they walk to our base
(20:35 / Allies) Ze.Rath3isaFaig: we ambush
(20:43 / Allies) Ze.Rath3isaFaig: GROUP!
(20:47 / Allies) YouRz: stay
(20:50 / Allies) Ze.Rath3isaFaig: look how scattered right now
(20:56 / Allies) Ze.Rath3isaFaig: see he's running
(20:57 / Allies) Ze.Rath3isaFaig: the're alone
(21:02 / Allies) Ze.Rath3isaFaig: walk
(21:05 / Allies) dirty4life23: top to ambush
(21:07 / Allies) YouRz: come back teal
(21:10 / Allies) Ze.Rath3isaFaig: AMBUSH FROM BEHIND
(21:12 / Allies) YouRz: together
(21:14 / Allies) Ze.Rath3isaFaig: lets go now!
(21:15 / Allies) YouRz: gogogoggogofgogo
(21:21 / Allies) Ze.Rath3isaFaig: GOGOG
(22:25 / Allies) dirty4life23: gold me green to rebuild
(22:26 / Allies) Ze.Rath3isaFaig: heal
(22:33 / Allies) Ze.Rath3isaFaig: NO MORE TOWERS
(22:36 / Allies) Ze.Rath3isaFaig: waste of money man
(22:36 / Allies) YouRz: y
(22:38 / Allies) dirty4life23: wood me to
(22:54 / Allies) dirty4life23: no just feed you 2
(23:07 / Allies) YouRz: exe
(23:15 / Allies) Ze.Rath3isaFaig: they're weak
(23:23 / Allies) YouRz: ill mass up bats
(23:26 / Allies) YouRz: stay at our base
(23:44 / Allies) YouRz: red whisps
(23:46 / Allies) dirty4life23: lets hit
(23:50 / Allies) YouRz: rebuild
(24:07 / Allies) Ze.Rath3isaFaig: sec hero almost out
(24:10 / Allies) Ze.Rath3isaFaig: meet
(24:56 / Allies) Ze.Rath3isaFaig: go abmush again
(25:04 / Allies) dirty4life23: stay together
(25:30 / Allies) Ze.Rath3isaFaig: gather
(25:39 / Allies) Ze.Rath3isaFaig: k go blow up
(25:40 / Allies) Ze.Rath3isaFaig: on them
(26:14 / Allies) coppertone: kill yollow
(27:21 / Allies) Ze.Rath3isaFaig: GATHER
(27:25 / Allies) dirty4life23: hit please
(27:42 / Allies) Ze.Rath3isaFaig: you lose your hero?
(27:46 / Allies) dirty4life23: yeah
(28:05 / Allies) YouRz: k all got tp ?
(28:18 / Allies) YouRz: all meet there
(30:20 / Allies) YouRz: k
(30:23 / Allies) YouRz: 2v1
(30:25 / Allies) Ze.Rath3isaFaig: lame we don't have enough aa
(30:31 / Allies) YouRz: massin up bats
(30:43 / Allies) YouRz: doc heal
(30:45 / All) Ze.Rath3isaFaig: we fight in this base until we have a lot
(30:59 / Allies) Ze.Rath3isaFaig: need more chims too
(31:00 / All) dr.niglet: ok oj
(31:05 / All) dr.niglet: until u have a lot
(31:16 / All) Ze.Rath3isaFaig: yeah until I have a lot
(31:28 / Allies) Ze.Rath3isaFaig: let it go
(31:50 / Allies) Ze.Rath3isaFaig: tehy alone
(31:52 / Allies) Ze.Rath3isaFaig: nm
(31:54 / Allies) Ze.Rath3isaFaig: purple is ther enow
(31:57 / Allies) Ze.Rath3isaFaig: got a tp?
(32:08 / Allies) Ze.Rath3isaFaig: nm
(32:11 / Allies) Ze.Rath3isaFaig: we wait
(32:47 / Allies) YouRz: kay no more exes for them
(32:48 / Allies) Ze.Rath3isaFaig: bring this
(34:02 / Allies) YouRz: kay massed enough bats or ?
(34:10 / Allies) Ze.Rath3isaFaig: pefect
(34:18 / Allies) Ze.Rath3isaFaig: here they come
(34:18 / Allies) Ze.Rath3isaFaig: get rdy
(34:25 / Allies) Ze.Rath3isaFaig: come
(34:36 / Allies) Ze.Rath3isaFaig: GOGO
(34:46 / Allies) Ze.Rath3isaFaig: bloe up on em
(34:55 / Allies) Ze.Rath3isaFaig: USE YOUR DOCS
(35:06 / Allies) Ze.Rath3isaFaig: sue the fucking wards dmn
(35:48 / Allies) Ze.Rath3isaFaig: finally got my level 6 now
(35:56 / Allies) YouRz: ^^
(36:23 / Allies) YouRz: teal
(36:25 / Allies) YouRz: rebuild with worker
(36:27 / Allies) Ze.Rath3isaFaig: couple taurens more docs
(36:32 / Allies) YouRz: on way
(37:15 / Allies) Ze.Rath3isaFaig: serach real quick see what they got
(37:26 / Allies) coppertone: can i get 60 gold
(37:35 / Allies) coppertone: thanks
(37:37 / Allies) Ze.Rath3isaFaig: go that way
(37:43 / Allies) Ze.Rath3isaFaig: see what ther army look slike
(38:07 / Allies) Ze.Rath3isaFaig: meet
(38:15 / Allies) YouRz: bought tp ?
(38:19 / Allies) Ze.Rath3isaFaig: just make sure you use the wards behind us
(38:21 / Allies) Ze.Rath3isaFaig: i'm going to use sf
(38:27 / Allies) YouRz: anti magic pot
(38:28 / Allies) YouRz: ?
(38:32 / Allies) Ze.Rath3isaFaig: yes
(38:35 / Allies) YouRz: nice
(38:40 / Allies) Ze.Rath3isaFaig: I'm not new at this lol
(38:45 / Allies) YouRz: when my sh gets lv 6 to it is gg
(38:59 / Allies) YouRz: sec
(39:04 / Allies) YouRz: let me trap with doc
(39:07 / Allies) Ze.Rath3isaFaig: rdy?
(39:56 / Allies) Ze.Rath3isaFaig: morew warsdd now
(40:30 / Allies) Ze.Rath3isaFaig: wards now please
(40:52 / Allies) Ze.Rath3isaFaig: OUT
(41:08 / Allies) Ze.Rath3isaFaig: search make sure thay have no mines
(41:18 / Allies) YouRz: ill always check after every rush
(41:28 / Allies) YouRz: destroyed with catas purps mine
(41:33 / Allies) Ze.Rath3isaFaig: yeah gj
(41:35 / Allies) Ze.Rath3isaFaig: they have no gold
(42:25 / Allies) Ze.Rath3isaFaig: you got a tp?
(42:28 / Allies) Ze.Rath3isaFaig: nm it's gone
(42:38 / Allies) Ze.Rath3isaFaig: red come
(42:53 / Allies) Ze.Rath3isaFaig: ff the fs
(42:58 / Allies) Ze.Rath3isaFaig: then everything else
(43:05 / Allies) Ze.Rath3isaFaig: they have no tps
(43:10 / Allies) Ze.Rath3isaFaig: meet
(43:21 / Allies) Ze.Rath3isaFaig: root the shit red
(44:12 / Allies) Ze.Rath3isaFaig: where are you doing
(44:12 / Allies) Ze.Rath3isaFaig: meet
(44:15 / Allies) Ze.Rath3isaFaig: we can't get spread aprt
(44:34 / All) YouRz: its 2v1 dont want give up ?
(44:55 / All) dr.niglet: pretty fun game imo
(45:03 / All) coppertone: haha better than last atleast
(45:06 / All) STARSOFGLORY: lvl 10 tc lol
(45:18 / All) dr.niglet: my dk almost lvl 10
(45:27 / All) dr.niglet: just need a couple more chims
(45:28 / All) YouRz: and my surply is getting 100
(45:33 / All) coppertone: you guys really dont like me to live
(45:36 / All) coppertone: :/
(47:12 / All) Ze.Rath3isaFaig: down that goes
(47:18 / All) YouRz: GG
(47:22 / All) dr.niglet: gg
(47:23 / All) Ze.Rath3isaFaig: gg
(47:28 / All) STARSOFGLORY: gg
(47:32 / All) ENEMY.: fuck ytou!!!!
(47:34 / All) ENEMY.: gg
(47:35 / All) dr.niglet: i think i did pretty well
(47:42 / All) dr.niglet: for a 1 v many
(47:44 / All) YouRz: dont forget - powned by YouRz